Map: Incorporeal LE

Players

herO

  • Race: Protoss Protoss
  • Spawn Location: 11:00

Solar - Winner!

  • Race: Zerg Zerg
  • Spawn Location: 5:00

Event: Esports World Cup 2025

VOD

Have the link to the VOD?

Description

Time

  • Played on: July 24, 2025, 11:07 a.m.
  • Length: 9:15

All games in this series

Show
View Real Time Build Order
Export as new Build Order

herO Protoss 

Build Orders: 1 Gate Expand, Oracle Opening 

Get SALT Encoding   

  12  0:00  Probe  
  13  0:12  Probe  
  14  0:20  Pylon  
  14  0:24  Probe  
  15  0:34  Probe  
  15  0:42  Probe  
  16  0:44  Gateway  
  16  0:49  Assimilator  
  17  0:52  Probe  
  18  1:04  Probe  
  19  1:16  Probe  
  20  1:26  Nexus  
  20  1:36  Cybernetics Core  
  20  1:39  Probe  
  21  1:45  Assimilator  
  21  1:51  Probe  
  22  1:54  Pylon  
  22  2:02  Adept  
  22  2:03  Probe  
  25  2:15  Probe  
  25  2:18  Stargate  
  26  2:26  Warp Gate  
  26  2:28  Probe  
  27  2:32  Adept  
  27  2:34  Probe  
  29  2:40  Probe  
  29  2:43  Probe  
  32  2:51  Oracle  
  32  2:52  Probe  
  32  2:53  Probe  
  34  3:05  Probe x2  
  41  3:11  Pylon  
  41  3:17  Probe x2  
  43  3:24  Oracle  
  43  3:29  Probe x2  
  46  3:44  Nexus  
  46  3:45  Pylon, Probe x2  
  48  3:58  Probe x2  
  48  4:02  Assimilator  
  53  4:03  Assimilator  
  53  4:05  Twilight Council  
  53  4:06  Forge  
  50  4:10  Probe x2  
  50  4:14  Adept  
  54  4:22  Probe x2  
  56  4:26  Blink  
  56  4:28  Gateway, Protoss Ground Weapons Level 1  
  56  4:29  Gateway  
  56  4:30  Gateway  
  56  4:34  Probe  
  56  4:35  Probe  
  56  4:36  Adept  
  58  4:39  Pylon  
  58  4:47  Probe x2  
  60  4:57  Probe  
  60  4:59  Probe x2  
  63  5:01  Adept  
  65  5:08  Gateway  
  65  5:09  Probe, Robotics Facility  
  65  5:11  Probe  
  65  5:13  Probe  
  68  5:21  Probe  
  68  5:22  Shield Battery  
  68  5:23  Pylon  
  68  5:27  Probe x2  
  71  5:33  Stalker x3  
  77  5:37  Probe, Stalker  
  77  5:41  Templar Archives  
  80  5:44  Probe x2  
  80  5:49  Probe  
  83  5:53  Pylon  
  83  5:58  Pylon  
  83  6:00  Pylon  
  83  6:01  Probe x2  
  83  6:02  Psionic Storm, Probe  
  86  6:05  Gateway  
  86  6:08  Gateway, Assimilator  
  86  6:13  Assimilator  
  86  6:14  Stalker x3  
  86  6:16  Observer  
  86  6:17  Pylon  
  86  6:18  Probe  
  94  6:19  Probe  
  95  6:27  Protoss Ground Armor Level 1  
  95  6:28  Pylon  
  95  6:29  High Templar  
  95  6:30  Gateway  
  95  6:32  Charge  
  97  6:35  Immortal, Probe  
  97  6:39  Pylon  
  102  6:48  Shield Battery  
  102  6:50  Pylon  
  102  6:55  Gateway  
  102  6:57  Gateway  
  102  7:01  Stalker x2  
  102  7:07  Pylon  
  106  7:08  Stalker x2  
  110  7:15  High Templar  
  110  7:16  Zealot x2  
  116  7:26  Immortal  
  116  7:27  High Templar  
  122  7:30  Photon Cannon  
  122  7:34  High Templar, Zealot x3  
  124  7:50  Stalker x3  
  115  7:56  Zealot x5  
  115  7:58  Immortal  
  93  8:06  Stalker x2  
  92  8:16  Archon x2  
  92  8:17  Stalker x6  
  87  8:27  Stalker x2  
  91  8:35  Stalker x2  
  83  8:45  Zealot x5  
  77  8:55  Stalker x2  
Show
View Real Time Build Order
Export as new Build Order

Solar Zerg - Winner!

Build Orders: Hatch First 

Get SALT Encoding   

  12  0:00  Drone  
  13  0:08  Drone  
  13  0:14  Drone, Extractor  
  15  0:21  Overlord  
  15  0:40  Drone  
  16  0:43  Drone  
  16  0:49  Hatchery  
  16  0:53  Drone  
  16  0:56  Drone  
  18  1:07  Extractor  
  17  1:12  Spawning Pool  
  17  1:15  Drone  
  17  1:19  Drone  
  18  1:27  Drone  
  19  1:37  Drone  
  20  1:47  Overlord  
  20  1:59  Queen  
  20  2:01  Queen  
  24  2:02  Zergling x2  
  24  2:03  Zergling x2  
  26  2:12  Drone  
  26  2:13  Drone  
  26  2:15  Metabolic Boost  
  28  2:24  Drone x2  
  30  2:36  Hatchery  
  29  2:39  Zergling x2  
  30  2:48  Queen  
  32  2:51  Overlord  
  32  2:54  Drone  
  32  2:56  Zergling x2  
  35  2:58  Drone  
  35  3:03  Drone  
  36  3:11  Drone x4  
  40  3:16  Queen  
  42  3:20  Overlord  
  42  3:24  Drone  
  42  3:26  Drone  
  42  3:31  Drone  
  43  3:39  Drone  
  43  3:40  Drone x2  
  43  3:41  Drone x2, Spore Crawler  
  47  3:45  Queen  
  49  3:49  Spore Crawler  
  49  3:50  Drone  
  49  3:51  Drone  
  50  3:55  Overlord  
  50  3:57  Zergling x2  
  50  4:01  Drone x2  
  50  4:02  Drone  
  54  4:04  Drone x2  
  54  4:07  Zergling x2  
  57  4:13  Overlord  
  57  4:16  Drone x4  
  61  4:18  Zergling x2  
  61  4:25  Drone  
  61  4:28  Spore Crawler  
  61  4:29  Drone x2  
  63  4:31  Zergling x2  
  63  4:38  Roach Warren, Lair  
  62  4:39  Drone x4  
  62  4:45  Drone x4  
  70  4:49  Extractor  
  70  4:50  Overlord  
  70  4:52  Zergling x6  
  71  5:01  Hatchery  
  71  5:05  Drone x3  
  71  5:06  Drone  
  74  5:09  Extractor  
  74  5:11  Overlord  
  74  5:13  Drone x2  
  75  5:16  Extractor  
  75  5:18  Drone x3  
  75  5:20  Drone x2, Evolution Chamber, Extractor  
  75  5:23  Drone x2  
  75  5:25  Overlord  
  76  5:30  Drone  
  76  5:39  Glial Reconstitution  
  76  5:41  Roach x7  
  90  5:43  Extractor  
  90  5:44  Overlord  
  90  5:47  Zergling x6  
  90  5:49  Roach  
  94  5:53  Queen  
  94  5:55  Overlord  
  94  5:56  Overseer  
  96  5:58  Overlord  
  96  6:01  Overlord  
  96  6:03  Pneumatized Carapace  
  96  6:09  Overlord  
  96  6:17  Roach x6  
  96  6:18  Roach  
  110  6:22  Roach x2  
  113  6:26  Roach  
  113  6:27  Roach x2  
  113  6:29  Overlord  
  113  6:30  Drone x2  
  113  6:32  Zergling x4  
  123  6:34  Overlord  
  123  6:37  Drone  
  123  6:38  Zergling x6  
  128  6:40  Zergling x2  
  128  6:48  Roach x3  
  128  6:50  Overlord x2  
  128  6:52  Overlord  
  134  6:56  Roach x3  
  134  6:59  Roach  
  142  7:04  Zergling x2  
  142  7:05  Overlord  
  142  7:06  Overlord  
  143  7:11  Ravager x6  
  147  7:16  Zergling x16  
  147  7:17  Ravager  
  147  7:19  Roach  
  147  7:20  Zergling x4  
  160  7:23  Zergling x4  
  160  7:26  Overlord  
  160  7:27  Zergling x4  
  160  7:29  Ravager  
  165  7:31  Ravager  
  165  7:32  Zergling x6  
  165  7:33  Zergling x2  
  165  7:35  Zergling x2  
  165  7:36  Overlord  
  170  7:40  Roach x2  
  166  7:49  Roach x6  
  166  7:51  Roach  
  171  7:54  Roach x2  
  173  8:01  Roach x2  
  173  8:03  Roach  
  173  8:04  Roach  
  162  8:08  Roach x2  
  162  8:11  Roach x2  
  162  8:12  Zergling x6  
  162  8:15  Roach x2  
  159  8:21  Roach x3  
  159  8:25  Zergling x2  
  159  8:26  Zergling x2  
  161  8:29  Zergling x4, Ravager  
  162  8:34  Zergling x10  
  162  8:40  Roach x3  
  165  8:45  Roach x3  
  163  8:49  Roach  
  163  8:50  Roach  
  163  8:54  Roach  
  163  8:55  Ravager  
Tags
 
Add a new tag
Caveats
  • Supply blocks, unpowered buildings, or Contaminate may cause inaccurate times.
  • Supply counts are checked every 10 seconds.